 Dungeon Crawl Stone Soup version 0.18.1-5-g4a78601 (webtiles) character file.

80 tyrsky the Chopper (level 4, -1/39 HPs)
             Began as a Minotaur Fighter on May 11, 2016.
             Slain by an ogre
             ... wielding a +0 giant club
              (20 damage)
             ... on level 4 of the Dungeon.
             The game lasted 00:03:20 (1009 turns).

tyrsky the Chopper (Minotaur Fighter)               Turns: 1009, Time: 00:03:21

Health: -1/39      AC:  5    Str: 21    XL:     4   Next: 18%
Magic:  3/3        EV:  8    Int:  5    God:
Gold:   67         SH:  9    Dex: 10    Spells: 0 memorised, 3 levels left

rFire  . . .     SeeInvis .     a - +0 war axe
rCold  . . .     Gourm    .     j - +0 ring mail (curse)
rNeg   . . .     Faith    .     c - +0 shield
rPois  .         Spirit   .     (helmet restricted)
rElec  .         Dismiss  .     (no cloak)
rCorr  .         Reflect  .     (no gloves)
SustAt .         Harm     .     (no boots)
MR     .....                    (no amulet)
Stlth  ..........               (no ring)
                                (no ring)

@: not resistant to hostile enchantments, extremely unstealthy
A: retaliatory headbutt, horns 2
a: no special abilities


You were on level 4 of the Dungeon.
You were not hungry.

You visited 1 branch of the dungeon, and saw 3 of its levels.

You collected 67 gold pieces.

Inventory:

Hand Weapons
 a - a +0 war axe (weapon)
Armour
 b - a +0 scale mail
 c - a +0 shield (worn)
 j - a cursed +0 ring mail (worn)
 l - a +0 chain mail
Jewellery
 h - an uncursed ring of protection from fire {unknown}
Wands
 m - a wand of iceblast (11/15)
Scrolls
 g - a scroll of teleportation {unknown}
 i - a scroll of amnesia {unknown}
 k - a scroll of remove curse {unknown}
Potions
 d - a potion of might
 e - a potion of curing {unknown}
Comestibles
 f - 2 bread rations


   Skills:
 - Level 3.6 Fighting
 + Level 5.4 Axes
 - Level 3.6 Armour
 - Level 3.6 Shields


You had 3 spell levels left.
You didn't know any spells.

Dungeon Overview and Level Annotations

Branches:
Dungeon (2/15)

Altars:


Innate Abilities, Weirdness & Mutations

You reflexively headbutt those who attack you in melee.
You have a pair of horns on your head.


Message History

* * * LOW HITPOINT WARNING * * *
You block the ogre's attack.
Found a club.
Found a stone staircase leading up.
A dart slug comes into view.
The dart slug launches a dart at you. The slug dart hits you!
The dart slug barely misses you. You furiously retaliate!
You headbutt the dart slug!
You kill the dart slug!
Found a stone staircase leading down.
There is a stone staircase leading down here.
Drink which item? (? for menu, Esc to quit)
Okay, then.
Read which item? (? for menu, Esc to quit)
Okay, then.
You see here a forked glass wand.
m - a wand of iceblast The ogre hits you with a giant club!!
Ouch! That really hurt!
You die...

†..>............#.....##
.#####..............$....
.# ######..............
## #...>.#......<. ###
#.....#.(...... ..###
#.....#........ #)..##
#.............. ###..####
#..............
##....###.....H...%....
####.##......O........
#...........#.#######
#...####........#
#..<###....#....#.# #.#
#.####..#)#... . #
#......##### ........
##......#.


You could see an ogre.

Vanquished Creatures
  A worker ant (D:4)
  2 adders
  4 dart slugs
  4 giant cockroaches (D:1)
  6 goblins
  A hobgoblin (D:1)
  3 kobolds
  5 bats (D:1)
  2 giant newts
  7 rats (D:1)
35 creatures vanquished.

Notes
Turn   | Place    | Note
--------------------------------------------------------------
     0 | D:1      | tyrsky the Minotaur Fighter began the quest for the Orb.
     0 | D:1      | Reached XP level 1. HP: 19/19 MP: 0/0
    29 | D:1      | Reached skill level 3 in Axes
   122 | D:1      | Reached XP level 2. HP: 20/26 MP: 1/1
   331 | D:1      | Reached skill level 4 in Axes
   450 | D:1      | Reached XP level 3. HP: 25/31 MP: 2/2
   886 | D:2      | You fall through a shaft for 2 floors!
   892 | D:4      | Reached skill level 5 in Axes
   892 | D:4      | Reached XP level 4. HP: 34/39 MP: 3/3
   898 | D:4      | Noticed an ogre
  1009 | D:4      | Slain by an ogre

Skill      XL: |  1  2  3 |
---------------+----------+-----
Axes           | 3 4 5 |  5.4
Fighting       | |  3.6
Armour         | |  3.6
Shields        | |  3.6

Action                   |  1- 3 |  4- 6 || total
-------------------------+-------+-------++-------
Melee: War axe           |    76 |     5 ||    81
       Headbutt          |    11 |       ||    11
Armor: Scale mail        |    14 |       ||    14
       Ring mail         |    17 |     5 ||    22
Dodge: Dodged            |    28 |     1 ||    29
Block: Shield            |    32 |     2 ||    34
